General information
- name: BNet
- type: Ladder team game (AT/RT)
- host: Battle.net
- saver: Night.Owl
map: MarketSquare
- players: 8
- length: 94:37
- speed: Fast
- version: 1.26 W3XP
- replay type: Public
» download(425 KB)
Players
team 1 (winner)
Risk_Taker (
red | 52 APM | 4925 actions | 94:37)
8 Blademaster
3 Wind Walk
3 Critical Strike
1 Bladestorm
1 Mirror Image
» actions
| Assign group hotkey | 33 | |
| Basic commands | 19 | |
| Build / train | 93 | |
| Enter build submenu | 21 | |
| Enter hero's abilities submenu | 8 | |
| Give item / drop item | 3 | |
| Remove unit from queue | 2 | |
| Right click | 3876 | |
| Select / deselect | 522 | |
| Select group hotkey | 127 | |
| Use ability | 221 | |
4925 total
» units
| Peon | 11 | |
| Shaman | 14 | |
| Troll Witch Doctor | 13 | |
| Gryphon Rider | 5 | |
43 total
» upgrades
| Shaman Training | 2 | |
| Witch Doctor Training | 2 | |
| Swords | 3 | |
| Armor | 3 | |
10 total
» buildings
| Altar of Storms | 1 | |
| Orc Burrow | 4 | |
| Voodoo Lounge | 1 | |
| War Mill | 1 | |
| Watch Tower | 8 | |
| Stronghold | 1 | |
| Fortress | 1 | |
| Spirit Lodge | 2 | |
| Castle | 1 | |
| Blacksmith | 1 | |
21 total
» build order
00:07 Altar of Storms
00:11 Orc Burrow
01:07 Voodoo Lounge
01:25 War Mill
01:43 Orc Burrow
02:41 Watch Tower
03:12 Stronghold
03:39 Watch Tower
03:43 Watch Tower
04:46 Watch Tower
04:58 Watch Tower
05:03 Orc Burrow
06:28 Orc Burrow
06:29 Fortress
06:32 Spirit Lodge
06:53 Spirit Lodge
07:33 Watch Tower
08:32 Watch Tower
08:34 Watch Tower
18:07 Castle
22:29 Blacksmith
» items
| Healing Salve | 3 | |
| Lesser Clarity Potion | 4 | |
| Boots of Speed | 1 | |
| Staff of Teleportation | 1 | |
| Potion of Healing | 3 | |
| Orb of Lightning | 1 | |
| Potion of Mana | 3 | |
| Dust of Appearance | 3 | |
| Scroll of Town Portal | 4 | |
| Potion of Lesser Invulnerability | 2 | |
| Orb of Fire | 1 | |
26 total
noproblem (
orange | 6 APM | 82 actions | 13:14)
» actions
| Build / train | 12 | |
| Enter build submenu | 13 | |
| Right click | 20 | |
| Select / deselect | 25 | |
| Use ability | 12 | |
82 total
» units
» buildings
| Lumber Mill | 5 | |
| Scout Tower | 6 | |
| Guard Tower | 4 | |
| Farm | 1 | |
16 total
» build order
00:20 Lumber Mill
00:27 Lumber Mill
00:29 Lumber Mill
01:30 Lumber Mill
01:32 Lumber Mill
01:37 Scout Tower
01:38 Scout Tower
01:54 Scout Tower
01:55 Scout Tower
02:07 Guard Tower
02:10 Farm
02:43 Guard Tower
02:56 Guard Tower
03:21 Guard Tower
03:39 Scout Tower
03:53 Scout Tower
ASFDDSAF (
pink | 53 APM | 4978 actions | 93:33)
8 Archmage
3 Summon Water Elemental
3 Brilliance Aura
1 Mass Teleport
1 Blizzard
8 Mountain King
3 Storm Bolt
3 Bash
1 Avatar
1 Thunder Clap
» actions
| Assign group hotkey | 116 | |
| Basic commands | 26 | |
| Build / train | 154 | |
| Enter build submenu | 33 | |
| Enter hero's abilities submenu | 16 | |
| Give item / drop item | 5 | |
| Remove unit from queue | 7 | |
| Right click | 2079 | |
| Select / deselect | 662 | |
| Select group hotkey | 1591 | |
| Use ability | 287 | |
4978 total
» units
| Peasant | 16 | |
| Footman | 5 | |
| Gryphon Rider | 12 | |
| Sorceress | 7 | |
| Siege Engine | 15 | |
| Dragonhawk Rider | 5 | |
| Priest | -1 | |
59 total
» upgrades
| Lumber Harvesting | 2 | |
| Swords | 2 | |
| Animal War Training | 1 | |
| Storm Hammers | 2 | |
| Armor | 2 | |
| Masonry | 4 | |
| Cloud | 1 | |
| Magic Sentry | 1 | |
| Sorceress Training | 2 | |
| Gunpowder | 1 | |
| Barrage | 1 | |
| Priest Training | 2 | |
21 total
» buildings
| Altar of Kings | 2 | |
| Barracks | 2 | |
| Farm | 21 | |
| Scout Tower | 39 | |
| Arcane Vault | 1 | |
| Arcane Tower | 2 | |
| Town Hall | 2 | |
| Lumber Mill | 2 | |
| Keep | 2 | |
| Guard Tower | 13 | |
| Blacksmith | 1 | |
| Castle | 1 | |
| Gryphon Aviary | 5 | |
| Arcane Sanctum | 1 | |
| Workshop | 3 | |
97 total
» build order
00:06 Altar of Kings
00:21 Barracks
00:36 Farm
01:20 Farm
01:35 Scout Tower
01:41 Farm
01:44 Arcane Vault
02:22 Arcane Tower
04:26 Town Hall
04:28 Lumber Mill
04:30 Lumber Mill
04:32 Scout Tower
04:33 Scout Tower
04:34 Scout Tower
04:49 Keep
04:57 Scout Tower
04:57 Scout Tower
04:59 Scout Tower
05:00 Scout Tower
05:35 Guard Tower
06:03 Guard Tower
06:07 Guard Tower
06:35 Blacksmith
06:49 Scout Tower
06:49 Scout Tower
06:50 Scout Tower
07:27 Guard Tower
07:35 Castle
07:42 Gryphon Aviary
07:44 Gryphon Aviary
08:31 Scout Tower
08:32 Scout Tower
08:54 Gryphon Aviary
09:00 Farm
09:01 Farm
09:02 Farm
09:02 Farm
09:42 Scout Tower
09:42 Scout Tower
09:43 Scout Tower
10:24 Guard Tower
10:26 Guard Tower
12:47 Scout Tower
12:48 Scout Tower
12:48 Scout Tower
12:49 Scout Tower
12:50 Scout Tower
13:20 Keep
13:57 Guard Tower
13:57 Guard Tower
14:14 Scout Tower
14:14 Scout Tower
14:14 Scout Tower
14:45 Guard Tower
14:50 Farm
14:51 Farm
14:51 Farm
14:51 Farm
14:52 Farm
14:52 Farm
14:53 Farm
15:12 Guard Tower
16:35 Farm
16:36 Farm
17:04 Altar of Kings
18:22 Gryphon Aviary
18:23 Gryphon Aviary
19:00 Arcane Sanctum
21:23 Town Hall
21:25 Scout Tower
21:26 Scout Tower
21:26 Scout Tower
21:26 Scout Tower
21:27 Scout Tower
21:29 Scout Tower
21:30 Scout Tower
21:31 Scout Tower
21:59 Guard Tower
23:07 Guard Tower
23:14 Scout Tower
23:14 Scout Tower
23:15 Scout Tower
23:16 Scout Tower
23:16 Scout Tower
23:46 Guard Tower
23:50 Arcane Tower
24:21 Barracks
30:54 Workshop
31:19 Workshop
31:49 Workshop
» items
| Scroll of Regeneration | 11 | |
| Staff of Teleportation | 2 | |
| Potion of Lesser Invulnerability | 1 | |
| Scroll of Town Portal | 5 | |
| Potion of Mana | 1 | |
| Staff of Sanctuary | 1 | |
| Potion of Healing | 7 | |
28 total

»
jwkiii (
blue | 15 APM | 1264 actions | 85:30)
7 Death Knight
3 Death Coil
3 Unholy Aura
1 Animate Dead
2 Paladin
1 Divine Shield
1 Holy Light
» actions
| Build / train | 110 | |
| Enter build submenu | 31 | |
| Enter hero's abilities submenu | 10 | |
| Give item / drop item | 3 | |
| Remove unit from queue | 2 | |
| Right click | 532 | |
| Select / deselect | 477 | |
| Use ability | 99 | |
1264 total
» units
| Acolyte | 12 | |
| Ghoul | 9 | |
| Crypt Fiend | 38 | |
| Gryphon Rider | 9 | |
68 total
» upgrades
| Web | 1 | |
| Creature Attack | 3 | |
| Creature Carapace | 4 | |
8 total
» buildings
| Ziggurat | 12 | |
| Altar of Darkness | 1 | |
| Crypt | 2 | |
| Tomb of Relics | 1 | |
| Graveyard | 1 | |
| Halls of the Dead | 1 | |
| Spirit Tower | 6 | |
| Black Citadel | 1 | |
| Gryphon Aviary | 3 | |
| Arcane Vault | 2 | |
| Farm | 2 | |
| Blacksmith | 2 | |
34 total
» build order
00:14 Ziggurat
00:20 Altar of Darkness
00:43 Crypt
01:19 Crypt
01:39 Ziggurat
02:28 Tomb of Relics
03:21 Graveyard
03:41 Ziggurat
04:42 Halls of the Dead
05:30 Spirit Tower
05:46 Spirit Tower
07:11 Ziggurat
09:26 Spirit Tower
09:40 Spirit Tower
11:16 Ziggurat
11:57 Ziggurat
12:23 Spirit Tower
12:45 Ziggurat
12:53 Black Citadel
13:07 Spirit Tower
18:14 Gryphon Aviary
18:17 Gryphon Aviary
18:20 Gryphon Aviary
19:15 Ziggurat
19:36 Arcane Vault
19:41 Arcane Vault
20:14 Ziggurat
20:16 Spirit Tower
20:41 Ziggurat
20:44 Ziggurat
20:58 Farm
21:04 Blacksmith
21:08 Blacksmith
24:15 Farm
24:29 Ziggurat
» items
| Sacrificial Skull | 1 | |
| Scroll of Town Portal | 7 | |
| Rod of Necromancy | 1 | |
| Orb of Corruption | 1 | |
| Potion of Healing | 3 | |
| Staff of Teleportation | 2 | |
15 total
team 2 (loser)

»
psicomind (
teal | 86 APM | 1264 actions | 14:36)
3 Keeper of the Grove
2 Entangling Roots
1 Thorns Aura
1 Priestess of the Moon
1 Trueshot Aura
» actions
| Assign group hotkey | 25 | |
| Basic commands | 79 | |
| Build / train | 55 | |
| Enter build submenu | 12 | |
| Enter hero's abilities submenu | 4 | |
| Right click | 316 | |
| Select / deselect | 295 | |
| Select group hotkey | 454 | |
| Use ability | 24 | |
1264 total
» units
| Wisp | 15 | |
| Archer | 12 | |
| Assassin | 1 | |
| Druid of the Talon | 5 | |
| Dryad | 2 | |
| Mountain Giant | 1 | |
36 total
» upgrades
| Strength of the Moon | 2 | |
| Improved Bows | 1 | |
| Moon Armor | 1 | |
| Marksmanship | 1 | |
5 total
» buildings
| Altar of Elders | 1 | |
| Moon Well | 4 | |
| Ancient of War | 1 | |
| Tree of Ages | 1 | |
| Hunter's Hall | 1 | |
| Ancient of Wind | 1 | |
| Ancient of Wonders | 1 | |
| Tree of Eternity | 1 | |
| Tree of Life | 1 | |
| Ancient of Lore | 1 | |
13 total
» build order
00:22 Altar of Elders
00:40 Moon Well
01:27 Ancient of War
01:49 Moon Well
02:51 Tree of Ages
03:30 Hunter's Hall
04:39 Moon Well
05:39 Ancient of Wind
05:47 Moon Well
05:52 Ancient of Wonders
08:36 Tree of Eternity
09:02 Tree of Life
11:58 Ancient of Lore
» items
| Scroll of Healing | 1 | |
| Scroll of Protection | 1 | |
| Scroll of Town Portal | 1 | |
| Potion of Healing | 1 | |
4 total

»
Dark-Spirit (
green | 55 APM | 5226 actions | 94:37)
9 Blademaster
3 Wind Walk
3 Critical Strike
1 Bladestorm
2 Mirror Image
4 Priestess of the Moon
2 Scout
2 Trueshot Aura
4 Keeper of the Grove
2 Thorns Aura
1 Tranquility
1 Entangling Roots
» actions
| Assign group hotkey | 28 | |
| Basic commands | 184 | |
| Build / train | 134 | |
| Enter build submenu | 84 | |
| Enter hero's abilities submenu | 17 | |
| Give item / drop item | 4 | |
| Right click | 1730 | |
| Select / deselect | 1544 | |
| Select group hotkey | 1139 | |
| Use ability | 360 | |
5226 total
» units
| Peon | 34 | |
| Troll Batrider | 29 | |
| Hippogryph | 9 | |
| Chimaera | 12 | |
| Wisp | 2 | |
86 total
» upgrades
| Reinforced Defenses | 1 | |
| Armor | 2 | |
| Liquid Fire | 1 | |
| Ranged Weapons | 3 | |
| Reinforced Hides | 3 | |
| Strength of the Wild | 3 | |
| Well Spring | 1 | |
| Corrosive Breath | 1 | |
| Ultravision | 1 | |
| Ensnare | 1 | |
17 total
» buildings
| Altar of Storms | 3 | |
| Orc Burrow | 15 | |
| Voodoo Lounge | 1 | |
| Stronghold | 2 | |
| Fortress | 2 | |
| War Mill | 2 | |
| Beastiary | 4 | |
| Watch Tower | 34 | |
| Chimaera Roost | 2 | |
| Moon Well | 5 | |
| Great Hall | 6 | |
76 total
» build order
00:07 Altar of Storms
00:24 Orc Burrow
01:04 Voodoo Lounge
02:15 Stronghold
02:24 Orc Burrow
02:55 Orc Burrow
03:26 Orc Burrow
04:49 Fortress
06:35 War Mill
07:16 Beastiary
07:17 Beastiary
10:28 Watch Tower
10:29 Watch Tower
10:30 Watch Tower
15:42 Chimaera Roost
15:43 Chimaera Roost
15:45 Moon Well
15:46 Moon Well
18:49 Great Hall
19:26 Moon Well
20:14 Watch Tower
21:58 Great Hall
22:00 Watch Tower
22:02 Watch Tower
22:04 Watch Tower
22:09 Watch Tower
23:05 Watch Tower
23:07 Watch Tower
23:56 Moon Well
23:57 Moon Well
26:56 Watch Tower
26:57 Watch Tower
26:58 Watch Tower
26:59 Watch Tower
27:38 Watch Tower
27:41 Watch Tower
28:04 Watch Tower
32:40 Watch Tower
32:41 Watch Tower
32:42 Watch Tower
32:43 Watch Tower
32:44 Watch Tower
32:46 Watch Tower
32:47 Watch Tower
32:48 Watch Tower
32:49 Watch Tower
33:59 Great Hall
34:46 Watch Tower
34:47 Watch Tower
35:01 Watch Tower
35:03 Watch Tower
35:51 Watch Tower
35:54 Watch Tower
36:07 Watch Tower
36:08 Watch Tower
36:32 Stronghold
38:55 Beastiary
38:57 Beastiary
39:15 Orc Burrow
41:06 Altar of Storms
41:17 War Mill
42:16 Orc Burrow
42:19 Orc Burrow
45:02 Orc Burrow
45:35 Great Hall
45:37 Orc Burrow
46:24 Orc Burrow
49:46 Orc Burrow
51:02 Orc Burrow
53:03 Great Hall
53:09 Orc Burrow
54:34 Great Hall
54:41 Orc Burrow
58:58 Altar of Storms
60:02 Orc Burrow
» items
| Healing Salve | 1 | |
| Lesser Clarity Potion | 2 | |
| Boots of Speed | 1 | |
| Orb of Lightning | 4 | |
8 total
Night.Owl (
purple | 47 APM | 4460 actions | 94:37)
10 Archmage
3 Blizzard
3 Brilliance Aura
3 Summon Water Elemental
1 Mass Teleport
7 Mountain King
3 Storm Bolt
3 Bash
1 Avatar
» actions
| Assign group hotkey | 57 | |
| Basic commands | 361 | |
| Build / train | 150 | |
| Enter build submenu | 98 | |
| Enter hero's abilities submenu | 18 | |
| Give item / drop item | 29 | |
| Remove unit from queue | 5 | |
| Right click | 1744 | |
| Select / deselect | 827 | |
| Select group hotkey | 863 | |
| Use ability | 308 | |
4460 total
» units
| Peasant | 21 | |
| Footman | 5 | |
| Gryphon Rider | 9 | |
| Mortar Team | 3 | |
| Dragonhawk Rider | 12 | |
50 total
» upgrades
| Lumber Harvesting | 2 | |
| Masonry | 3 | |
| Storm Hammers | 1 | |
| Animal War Training | 1 | |
| Swords | 3 | |
| Armor | 3 | |
| Magic Sentry | 1 | |
| Cloud | 1 | |
| Fragmentation Shards | 1 | |
| Flare | 1 | |
| Gunpowder | 3 | |
| Barrage | 1 | |
| Flak Cannons | 1 | |
22 total
» buildings
| Altar of Kings | 1 | |
| Barracks | 1 | |
| Farm | 10 | |
| Scout Tower | 71 | |
| Arcane Tower | 4 | |
| Arcane Vault | 1 | |
| Keep | 1 | |
| Lumber Mill | 1 | |
| Town Hall | 7 | |
| Castle | 1 | |
| Guard Tower | 25 | |
| Gryphon Aviary | 4 | |
| Arcane Sanctum | 1 | |
| Blacksmith | 2 | |
| Workshop | 4 | |
134 total
» build order
00:55 Altar of Kings
00:57 Barracks
01:00 Farm
01:02 Farm
01:07 Farm
01:29 Farm
01:37 Scout Tower
02:06 Farm
02:20 Arcane Tower
03:15 Farm
03:56 Arcane Vault
04:45 Keep
04:47 Lumber Mill
06:32 Town Hall
06:33 Scout Tower
06:34 Scout Tower
06:34 Scout Tower
06:43 Scout Tower
06:52 Scout Tower
07:21 Castle
07:26 Scout Tower
07:26 Scout Tower
07:26 Scout Tower
07:33 Guard Tower
07:34 Arcane Tower
08:21 Scout Tower
08:29 Guard Tower
09:25 Guard Tower
10:27 Gryphon Aviary
10:30 Gryphon Aviary
10:32 Gryphon Aviary
10:34 Gryphon Aviary
10:42 Farm
10:45 Scout Tower
10:48 Scout Tower
10:49 Scout Tower
10:51 Scout Tower
10:51 Scout Tower
11:22 Guard Tower
11:31 Arcane Sanctum
11:35 Guard Tower
11:52 Guard Tower
11:54 Guard Tower
12:44 Blacksmith
12:48 Blacksmith
13:04 Guard Tower
20:35 Farm
20:36 Farm
20:37 Farm
22:20 Town Hall
22:26 Scout Tower
22:29 Scout Tower
22:31 Scout Tower
22:34 Scout Tower
22:35 Scout Tower
22:38 Scout Tower
22:39 Scout Tower
22:42 Scout Tower
23:01 Guard Tower
23:03 Guard Tower
23:15 Guard Tower
23:26 Guard Tower
23:28 Guard Tower
23:33 Guard Tower
26:14 Scout Tower
26:14 Scout Tower
26:15 Scout Tower
26:15 Scout Tower
26:16 Scout Tower
26:17 Scout Tower
26:55 Guard Tower
26:57 Arcane Tower
27:06 Arcane Tower
27:44 Workshop
27:46 Workshop
27:50 Workshop
27:54 Workshop
33:53 Town Hall
34:09 Scout Tower
34:10 Scout Tower
34:10 Scout Tower
34:10 Scout Tower
34:12 Scout Tower
34:12 Scout Tower
34:13 Scout Tower
34:13 Scout Tower
34:44 Guard Tower
35:49 Town Hall
35:52 Scout Tower
35:52 Scout Tower
35:53 Scout Tower
35:53 Scout Tower
35:54 Scout Tower
35:54 Scout Tower
35:55 Scout Tower
35:55 Scout Tower
36:08 Guard Tower
36:53 Guard Tower
47:55 Town Hall
47:58 Scout Tower
47:58 Scout Tower
47:59 Scout Tower
47:59 Scout Tower
48:02 Scout Tower
48:03 Scout Tower
48:03 Scout Tower
48:30 Guard Tower
48:45 Scout Tower
48:53 Guard Tower
48:55 Scout Tower
48:57 Scout Tower
49:20 Guard Tower
49:23 Guard Tower
49:31 Scout Tower
49:35 Scout Tower
49:37 Scout Tower
49:40 Scout Tower
49:44 Scout Tower
50:06 Guard Tower
50:22 Guard Tower
66:35 Town Hall
66:54 Scout Tower
66:55 Scout Tower
66:55 Scout Tower
67:00 Scout Tower
67:00 Scout Tower
67:01 Scout Tower
67:01 Scout Tower
67:10 Scout Tower
67:11 Scout Tower
67:11 Scout Tower
67:12 Scout Tower
68:02 Guard Tower
68:49 Town Hall
69:04 Guard Tower
» items
| Tome of Retraining | 1 | |
| Periapt of Vitality | 5 | |
| Staff of Teleportation | 1 | |
| Scroll of Regeneration | 3 | |
| Scroll of Town Portal | 3 | |
| Mechanical Critter | 2 | |
| Boots of Speed | 1 | |
| Potion of Lesser Invulnerability | 2 | |
| Potion of Invisibility | 1 | |
19 total

»
No-Fear. (
yellow | 22 APM | 2092 actions | 94:37)
6 Firelord
3 Soul Burn
3 Summon Lava Spawn
5 Dark Ranger
2 Black Arrow
3 Silence
1 Priestess of the Moon
1 Starfall
» actions
| Assign group hotkey | 39 | |
| Basic commands | 58 | |
| Build / train | 102 | |
| Enter build submenu | 30 | |
| Enter hero's abilities submenu | 12 | |
| Give item / drop item | 2 | |
| Right click | 1070 | |
| Select / deselect | 492 | |
| Select group hotkey | 182 | |
| Use ability | 105 | |
2092 total
» units
| Wisp | 20 | |
| Huntress | 6 | |
| Glaive Thrower | 2 | |
| Dryad | 6 | |
| Forest Troll High Priest | 1 | |
| Kobold Geomancer | 1 | |
| Assassin | 1 | |
| Mountain Giant | 3 | |
| Faerie Dragon | 11 | |
51 total
» upgrades
| Moon Armor | 2 | |
| Strength of the Moon | 2 | |
| Ultravision | 1 | |
| Abolish Magic | 1 | |
| Strength of the Wild | 2 | |
| Reinforced Hides | 2 | |
| Vorpal Blades | 1 | |
| Well Spring | 1 | |
12 total
» buildings
| Moon Well | 10 | |
| Altar of Elders | 1 | |
| Hunter's Hall | 1 | |
| Ancient of War | 1 | |
| Ancient Protector | 11 | |
| Ancient of Wonders | 1 | |
| Tree of Ages | 2 | |
| Ancient of Lore | 1 | |
| Ancient of Wind | 1 | |
| Tree of Eternity | 2 | |
| Tree of Life | 1 | |
32 total
» build order
00:32 Moon Well
00:41 Altar of Elders
01:30 Hunter's Hall
02:00 Ancient of War
02:35 Moon Well
02:46 Ancient Protector
03:19 Ancient of Wonders
03:48 Ancient Protector
03:59 Moon Well
04:46 Ancient Protector
05:00 Moon Well
05:54 Ancient Protector
07:06 Moon Well
07:13 Tree of Ages
07:13 Tree of Ages
07:34 Ancient Protector
08:09 Moon Well
09:23 Moon Well
10:22 Moon Well
11:05 Ancient of Lore
11:35 Ancient Protector
11:49 Moon Well
13:12 Moon Well
15:04 Ancient Protector
16:44 Ancient of Wind
24:25 Tree of Eternity
32:21 Tree of Life
32:38 Ancient Protector
32:42 Ancient Protector
32:46 Ancient Protector
32:50 Ancient Protector
» items
| Periapt of Vitality | 2 | |
| Boots of Speed | 1 | |
| Scroll of Town Portal | 2 | |
5 total
Chat log
(00:05 / All) Night.Owl: damn
(00:07 / All) Night.Owl: no plznote
(03:30 / All) noproblem: pink look out
(03:45 / All) Night.Owl: I got fucking blizzard
(04:09 / All) noproblem: HOLY SHIT GREEN IS KILLING ONLY THE CREEPS
(04:10 / All) noproblem: THAT
(04:11 / All) noproblem: DROP ITEMS
(04:57 / Allies) Night.Owl: this creep is a bitch
(06:49 / Allies) psicomind: come purp
(07:57 / All) Night.Owl: red sucks
(08:22 / Allies) psicomind: build main purp
(08:36 / All) Night.Owl: I'm playing like shit but you always do
(11:14 / All) Night.Owl: this keyboard sucks Is hould have got the cherry blues for typing
(12:29 / Allies) psicomind: help me with this
(12:34 / Allies) Dark-Spirit: gooo
(14:32 / Allies) No-Fear.: fuck you teal
(14:34 / Allies) No-Fear.: pigshit
(14:36 / Allies) No-Fear.: fucking loser
(14:50 / All) Night.Owl: that's the second time
(15:06 / All) Night.Owl: that I got unresponsive hero
(15:08 / All) Night.Owl: with a group
(15:23 / Allies) Dark-Spirit: we will wn no worries
(18:50 / All) Night.Owl: I only ever get daggesr anymore
(19:49 / All) Night.Owl: daggers shouldn't drop for heroes that already have them
(22:13 / Allies) No-Fear.: fucking hit man
(22:17 / Allies) No-Fear.: why wait
(22:22 / Allies) No-Fear.: we owned them
(22:29 / Allies) No-Fear.: jesus
(22:36 / Allies) No-Fear.: just let them build bu
(22:38 / Allies) No-Fear.: up
(22:42 / Allies) Dark-Spirit: do u have siege
(22:45 / Allies) Dark-Spirit: to kill ttheir otwers?
(23:05 / Allies) No-Fear.: chimes outrange tower noob shit
(23:25 / Allies) Dark-Spirit: u r 5-9
(23:31 / Allies) Dark-Spirit: not in position to call anyone newb shit
(23:45 / Allies) No-Fear.: ok pro
(24:22 / Allies) Night.Owl: 5-9 isn't that bad, he'd get a participation award at least if blizzard gave out ribbons
(27:17 / Allies) Night.Owl: how'd you die
(27:24 / Allies) Night.Owl: ah
(27:26 / Allies) Dark-Spirit: lol
(27:41 / Allies) No-Fear.: this pigshit team has no hope
(27:48 / Allies) Dark-Spirit: lol ur units
(27:54 / Allies) No-Fear.: this is why my record is shit
(27:59 / Allies) No-Fear.: noob fucking loser ass pigshit
(28:04 / Allies) Night.Owl: lol
(28:12 / Allies) Night.Owl: it's all your allies fault
(28:13 / Allies) No-Fear.: laugh away pigshit
(28:19 / Allies) No-Fear.: while you lose one more
(28:21 / Allies) Night.Owl: when you win it's your doing
(29:28 / Allies) Dark-Spirit: wood me yellow
(29:35 / Allies) No-Fear.: yea
(29:52 / Allies) No-Fear.: i'd love to brain you with a fucking 2x4
(29:57 / Allies) No-Fear.: pigshit
(32:04 / All) ASFDDSAF: yea green
(32:07 / All) ASFDDSAF: ur base is history in 2 min
(32:12 / Allies) Dark-Spirit: k
(34:02 / All) Night.Owl: I'm taking that expansion, blue
(34:05 / All) Night.Owl: Do something about, bitch
(36:52 / Allies) No-Fear.: ok
(36:57 / Allies) No-Fear.: fuck you pigshit whores
(37:01 / Allies) No-Fear.: im just afk now
(37:06 / Allies) No-Fear.: loser pigshit
(37:12 / Allies) Night.Owl: good for oyu
(37:12 / Allies) No-Fear.: suck
(37:14 / Allies) Dark-Spirit: lol
(37:20 / Allies) Dark-Spirit: historical
(37:25 / Allies) No-Fear.: lose dogshit
(37:28 / All) Dark-Spirit: lol red
(39:46 / Allies) No-Fear.: die you pathetic cunts
(39:56 / Allies) No-Fear.: pigshit losers
(40:29 / Allies) No-Fear.: teal is afk too
(40:32 / Allies) No-Fear.: rofl
(40:41 / Allies) No-Fear.: pigshit
(41:41 / All) ASFDDSAF: green ur being a faggot
(41:43 / Allies) No-Fear.: die pigshit .... die
(41:47 / Allies) No-Fear.: rofl
(41:47 / All) Dark-Spirit: lol
(42:58 / Allies) Dark-Spirit: lol yellow
(43:46 / Allies) No-Fear.: die pigshit die
(44:14 / All) ASFDDSAF: green are u fuckign everywhere
(44:30 / Allies) Dark-Spirit: this newb yellow
(44:33 / Allies) Dark-Spirit: lol using teal
(44:52 / All) Risk_Taker: eat it
(44:56 / All) Dark-Spirit: lol newb
(46:20 / Allies) Dark-Spirit: wtf lol!
(46:26 / Allies) Night.Owl: splash damage lawl
(47:09 / All) Night.Owl: I have 7 arcane towers for reveal
(47:24 / Allies) No-Fear.: so grow some balls
(47:26 / Allies) No-Fear.: and win this
(49:52 / All) Night.Owl: favorite hit from the Biebs?
(50:17 / All) Night.Owl: I like BABY BABY BABY
(52:12 / All) Night.Owl: OOOO
(53:36 / All) Night.Owl: The men are saying we won't last the night
(56:57 / All) ASFDDSAF: fag lol
(57:00 / All) Dark-Spirit: lol
(57:07 / All) ASFDDSAF: u are an affective fag tho
(58:35 / Allies) Night.Owl: y u didn't buy your bm back?
(58:50 / Allies) Dark-Spirit: i had altar
(58:51 / Allies) Dark-Spirit: ;p
(60:10 / Allies) Dark-Spirit: lol
(60:13 / Allies) Dark-Spirit: tower battle
(61:11 / All) ASFDDSAF: LOL
(61:18 / All) ASFDDSAF: "u did that on purpose"
(61:20 / All) ASFDDSAF: -red
(61:45 / All) Night.Owl: this game is so fucked up
(61:51 / All) Night.Owl: 4 of my griffs just sat there
(61:55 / All) Night.Owl: it's in the same group
(62:19 / All) ASFDDSAF: red
(62:22 / All) ASFDDSAF: ill make pally for u
(62:23 / All) ASFDDSAF: k?
(62:41 / All) ASFDDSAF: one of u controls my mk
(62:45 / All) ASFDDSAF: other gets my pally
(63:50 / All) ASFDDSAF: i did lol
(64:37 / All) ASFDDSAF: u control my pally blue
(64:46 / All) ASFDDSAF: red ura bad boy
(65:12 / All) ASFDDSAF: green was pretty good with his bm
(65:15 / All) ASFDDSAF: asshole was everyhere
(65:30 / All) ASFDDSAF: oh
(65:34 / All) ASFDDSAF: red still had control lol
(66:00 / All) ASFDDSAF: havent we faced dark spirit before
(67:27 / All) No-Fear.: purples master plan is to wait until you die of old age
(67:28 / All) Risk_Taker: he has no units and No heros
(67:31 / All) Risk_Taker: you can end now
(67:34 / All) Risk_Taker: or make it a long game
(67:51 / All) Night.Owl: are you suggesting that that is a bad plan?
(68:07 / Allies) No-Fear.: Purple had 6 gold mines ... but no balls
(68:37 / Allies) Dark-Spirit: u need wood
(68:39 / Allies) Dark-Spirit: lol
(68:51 / Allies) Dark-Spirit: yellow prolly got 20k wood
(68:52 / Allies) Dark-Spirit: by now
(68:53 / Allies) Dark-Spirit: rofl
(72:06 / All) ASFDDSAF: no
(72:08 / All) ASFDDSAF: u can tho
(72:57 / All) ASFDDSAF: yea
(74:08 / All) ASFDDSAF: rg3 !!!!!!!!!!!!!!
(74:18 / All) Night.Owl: (sucks)
(74:22 / All) ASFDDSAF: who is better: andrew luck or robert griffin 3rd
(74:31 / All) Night.Owl: What tremendously easy riddles you ask
(74:36 / All) Night.Owl: Andrew Luck is already elite
(74:47 / All) ASFDDSAF: they do suck w/o wayne tho
(75:04 / All) Night.Owl: He just needs to build chemistry with Griff
(76:32 / All) ASFDDSAF: red ill let u control the pally ok?
(82:19 / All) ASFDDSAF: archmage is urs
(82:37 / All) Night.Owl: AGGRONOR THE MIGHTY
(82:39 / All) Night.Owl: MY OLD FRIEND!
(86:16 / All) Night.Owl: that will fool me
(87:48 / All) ASFDDSAF: u guys see the silence of the lambs prequel
(87:50 / All) ASFDDSAF: red dragon?
(87:54 / All) ASFDDSAF: w/ edward norton
(88:03 / All) ASFDDSAF: i have to say
(88:13 / All) ASFDDSAF: there is a scene in there with a blind girl gives fellatio to the crazy guy
(88:15 / All) ASFDDSAF: i thought it was hot
(88:20 / All) ASFDDSAF: blind girl and fellatio
(94:35 / All) Night.Owl: Merry Christmas!